 Dungeon Crawl Stone Soup version 0.21-a0-404-g291f19a (webtiles) character file.

285116 sagitran the Stickfighter (level 19, -7/255 HPs)
             Began as a Demonspawn Gladiator on Oct 29, 2017.
             Was the Champion of Jiyva.
             Killed from afar by Margery (67 damage)
             ... with a fireball
             ... on level 2 of the Vaults on Oct 31, 2017.
             The game lasted 07:10:19 (54475 turns).

sagitran the Stickfighter (Demonspawn Gladiator)   Turns: 54475, Time: 07:10:21

Health: -7/255     AC: 22    Str: 27    XL:     19   Next: 80%
Magic:  24/24      EV: 21    Int: 10    God:    Jiyva [******]
Gold:   3430       SH:  6    Dex: 30    Spells: 13/20 levels left

rFire    . . .     SeeInvis .   b - +8 demon blade "Leech" {vamp, rN+ AC-3 EV-3}
rCold    + . .     Gourm    .   (no shield)
rNeg     + + +     Faith    .   T - +1 ring mail of the Trout {Str+2}
rPois    +         Spirit   .   (helmet restricted)
rElec    .         Reflect  +   j - +1 cloak of the Blessed Realm {rN+}
rCorr    +         Harm     .   U - +2 pair of gloves of Leapfrog {*Slow rN+ Str+9 Dex+3}
MR       +....     Clarity  +   (boots unavailable)
Stlth    ..........             W - +6 amulet of reflection
HPRegen  0.00/turn              e - ring of Ucurenop {rCorr rN+ Int+2 Dex-3}
MPRegen  0.19/turn              x - ring of Robustness {AC+8}

@: berserking, slowed
A: beak, talons 3, yellow scales 3, clarity, clever 1, cold resistance 1, high
mp 1, mutation resistance 1, nightstalker 2, sense surroundings 1, poison
resistance, robust 1, inhibited regeneration, spiny 3, gelatinous body 1,
pseudopods 1, jelly sensing items, freezing cloud immunity
}: 2/15 runes: slimy, gossamer
a: Request Jelly, Slimify, Cure Bad Mutation, Renounce Religion


You were on level 2 of the Vaults.
You worshipped Jiyva.
Jiyva was exalted by your worship.
You were completely stuffed.

You visited 8 branches of the dungeon, and saw 40 of its levels.
You visited the Abyss 1 time.
You also visited: Ice Cave and Wizlab.

You collected 3430 gold pieces.

Inventory:

Hand Weapons
 b - the +8 demon blade "Leech" (weapon) {vamp, rN+ AC-3 EV-3}
   (You took it off a deep elf death mage on level 3 of the Elven Halls)

   It inflicts no extra harm, but heals its wielder when it wounds a living foe.
   It affects your AC (-3).
   It affects your evasion (-3).
   It protects you from negative energy.
 i - the +4 long sword of Itumekeo {freeze, rPois MP+9 Int-2 Dex+3}
   (You found it on level 3 of the Elven Halls)

   It has been specially enchanted to freeze those struck by it, causing extra
   injury to most foes and up to half again as much damage against particularly
   susceptible opponents.
   It can also slow down cold-blooded creatures.
   It affects your intelligence (-2).
   It affects your dexterity (+3).
   It protects you from poison.
   It affects your magic capacity (+9).
 t - the +6 battleaxe of the Peculiar People {vamp, MR+ Dex+3}
   (You found it on level 5 of the Pits of Slime)

   It inflicts no extra harm, but heals its wielder when it wounds a living foe.
   It affects your dexterity (+3).
   It affects your resistance to hostile enchantments.
 L - a +2 scimitar of flaming
 N - the +3 scimitar of Responsibility {speed, +Blink Dex+4}
   (You took it off a deep elf demonologist on level 3 of the Elven Halls)

   Attacks with this weapon are significantly faster.
   It affects your dexterity (+4).
   It lets you blink.
 Q - the +8 trident of the Octopus King {venom, rElec rPois MR+}
   (You found it on level 6 of the Lair of Beasts)

   It poisons the flesh of those it strikes.
   It insulates you from electricity.
   It protects you from poison.
   It affects your resistance to hostile enchantments.
 V - a +8 lajatang of draining
Missiles
 y - 58 tomahawks (quivered)
 Y - 4 throwing nets
Armour
 j - the +1 cloak of the Blessed Realm (worn) {rN+}
   (You found it in a wizard's laboratory)

   It protects you from negative energy.
 k - the +2 leather armour of Sozxeck {rC+ rN+}
   (You found it on level 5 of the Pits of Slime)

   It protects you from cold.
   It protects you from negative energy.
 n - the +2 robe of Ythroj {Str+5}
   (You found it on level 2 of the Elven Halls)

   It affects your strength (+5).
 q - a +6 scale mail of cold resistance
 s - a +2 cloak
 z - the +0 helmet "Sifroila" {rC++ Int+2}
   (You found it on level 9 of the Dungeon)

   It affects your intelligence (+2).
   It greatly protects you from cold.
 T - the +1 ring mail of the Trout (worn) {Str+2}
   (You took it off a deep elf blademaster on level 3 of the Elven Halls)

   It affects your strength (+2).
 U - the +2 pair of gloves of Leapfrog (worn) {*Slow rN+ Str+9 Dex+3}
   (You found it on level 4 of the Spider Nest)

   It affects your strength (+9).
   It affects your dexterity (+3).
   It protects you from negative energy.
   It may slow you when you take damage.
Magical Staves
 M - an uncursed staff of death
Jewellery
 e - the ring of Ucurenop (left hand) {rCorr rN+ Int+2 Dex-3}
   (You found it on level 5 of the Pits of Slime)

   [ring of resist corrosion]

   It affects your intelligence (+2).
   It affects your dexterity (-3).
   It protects you from negative energy.
 v - a +4 ring of strength
 x - the ring of Robustness (right hand) {AC+8}
   (You took it off a deep elf elementalist on level 3 of the Elven Halls)

   [ring of protection]

   It affects your AC (+8).
 D - an uncursed ring of protection from magic
 W - a +6 amulet of reflection (around neck)
Wands
 a - a wand of iceblast (9/15)
 d - a wand of confusion (17/48)
 u - a wand of paralysis (0/24)
 B - a wand of acid (2/15)
 R - a wand of disintegration (12/24)
 S - a wand of flame (16/48)
 Z - a wand of polymorph (16/24)
Scrolls
 c - a scroll of amnesia
 g - 4 scrolls of recharging
 h - 3 scrolls of magic mapping
 l - 6 scrolls of fear
 m - 9 scrolls of remove curse
 o - 7 scrolls of teleportation
 r - 2 scrolls of fog
 X - a scroll of enchant armour
Potions
 p - 2 potions of haste
 w - 7 potions of lignification
 A - 4 potions of brilliance
 C - a potion of berserk rage
 K - 2 potions of agility
 P - 4 potions of cancellation
Books
 f - Advanced Thaumaturgy
   (You found it on level 3 of the Elven Halls)

   Spells                             Type                      Level
   a - Fireball                       Conjuration/Fire             5
   b - Bolt of Magma                  Conjuration/Fire/Earth       5
   c - Lightning Bolt                 Conjuration/Air              5
   d - Lee's Rapid Deconstruction     Earth                        5
   e - Summon Mana Viper              Hexes/Summoning              5
   f - Blade Hands                    Transmutation                5
 F - the Compendium of Conjuration
   (You found it on level 5 of the Pits of Slime)

   Spells                             Type                      Level
   a - Throw Frost                    Conjuration/Ice              2
   b - Throw Flame                    Conjuration/Fire             2
   c - Fulminant Prism                Conjuration/Hexes            4
   d - Orb of Destruction             Conjuration                  7
 I - a book of Death

   Spells                             Type                      Level
   a - Corpse Rot                     Necromancy                   2
   b - Sublimation of Blood           Necromancy                   2
   c - Agony                          Necromancy                   5
   d - Dispel Undead                  Necromancy                   5
   e - Excruciating Wounds            Charms/Necromancy            5
   f - Bolt of Draining               Conjuration/Necromancy       5
 J - a book of Alchemy

   Spells                             Type                      Level
   a - Sublimation of Blood           Necromancy                   2
   b - Ignite Poison                  Fire/Transmutation/Poison    3
   c - Petrify                        Transmutation/Earth          4
   d - Alistair's Intoxication        Transmutation/Poison         5
   e - Irradiate                      Conjuration/Transmutation    5
Miscellaneous
 E - a phial of floods
 O - a lightning rod (4/4)
Comestibles
 G - a bread ration


   Skills:
 + Level 15.5 Fighting
 + Level 13.1 Long Blades
   Level 5.1(12.0) Maces & Flails
 - Level 9.5(14.0) Polearms
 + Level 16.3(17.3) Staves
 + Level 5.7 Throwing
 + Level 11.3 Armour
 + Level 10.8 Dodging
 + Level 11.8 Stealth
 + Level 1.0 Spellcasting
 + Level 1.2 Conjurations
 + Level 0.5 Air Magic
 + Level 3.7 Evocations


You had 13 spell levels left.
You knew the following spells:

 Your Spells              Type           Power        Failure   Level  Hunger
a - Shock                 Conj/Air       #...         32%         1    ##.....
b - Ensorcelled Hibernat  Hex/Ice        #.....       56%         2    ###....
c - Sublimation of Blood  Necr           #.........   56%         2    ###....
d - Corpse Rot            Necr           N/A          56%         2    ###....


Dungeon Overview and Level Annotations

Branches:
Dungeon (15/15)            Temple (0/1) D:5            Lair (6/6) D:8
 Shoals (3/4) Lair:4       Spider (4/4) Lair:4        Slime (5/5) Lair:5
    Orc (2/2) D:9             Elf (3/3) Orc:2        Vaults (2/5) D:13
 Depths (0/5) D:15
  Crypt: Vaults:2-3

Altars:
Cheibriados
Fedhas
Gozag
Hepliaklqana
Qazlal
Ru
Trog
Vehumet
Wu Jian
Yredelemnul
Zin
Beogh
Jiyva

Shops:
D:7 *(   D:12 (!   D:15 }   Orc:2 ((*[=   Elf:2 *

Portals:
Trove: Elf:3 (give horn of Geryon)

Annotations:
Shoals:3 Bai Suzhen
Slime:5 Royal Jelly
Vaults:2 Margery


Innate Abilities, Weirdness & Mutations

You have claws for feet.
You are completely covered in yellow scales. (AC +4, rCorr)
Your flesh is cold resistant. (rC+)
You are significantly more attuned to the shadows.
You are completely covered in sharp spines.
You are immune to freezing clouds.
You have a beak for a mouth.
You possess an exceptional clarity of mind.
Your mind is acute. (Int +2)
You have an increased reservoir of magic. (+10% MP)
You are somewhat resistant to further mutation.
You passively map a small area around you.
Your system is resistant to poisons. (rPois)
You are robust. (+10% HP)
You do not regenerate when monsters are visible.
Your rubbery body absorbs attacks. (AC +1, EV +1)
Armour fits poorly on your pseudopods.
You have a small jelly attached to you that senses nearby items.


Message History

Margery's soul is no longer bound.
Margery casts a spell at your death ooze.
The bolt of fire hits your death ooze.
Your death ooze is destroyed!
The hell knight gestures at you while chanting.
The bolt of fire hits you!
* * * LOW HITPOINT WARNING * * *
You feel yourself slow down. You block the hell knight's attack.
Margery shouts!
You slice the hell knight!!
You feel better.
You claw the hell knight. You peck the hell knight!
You kill the hell knight!
Margery gestures at you while chanting.
The fireball explodes!
The fireball engulfs you!
* * * LOW HITPOINT WARNING * * *
The hell knight gestures at you while chanting.
You resist with some effort. Margery gestures at you while chanting.
The fireball explodes!
The fireball engulfs you!
You die...

......#..# #.....J....#
, pp.......#
#.......(..# #..##..p##
#########'## p ##...#
#.....# **
##.p##############.....'
##.pp...........#.....#
,*
###@{....p.....#...<.#
** #............#.....#
, **
#..@)........####### , *
#.........)))#..)... ,
#.........)..'..))). *
#............##'#### * *
* ########+#####.....# ,
#.....# , , , , #.....#
, ∆ #.....# ,,,, ,,
#....(#


You could see Margery and 4 hell knights.

Vanquished Creatures
  Jorgrun (Spider:3)
  3 deep elf blademasters
  Asterion (Spider:3)
  2 deep elf master archers (Elf:3)
  Agnes (Elf:1)
  Kirke (Spider:3)
  A tentacled starspawn (WizLab)
  Donald (Shoals:1)
  5 deep elf sorcerers (Elf:3)
  A vault warden (Vaults:2)
  3 frost giants
  3 ghost moths (Spider:4)
  Louise (Spider:4)
  Aizul (Elf:1)
  2 orc warlords (Orc:2)
  4 emperor scorpions (Spider:4)
  3 deep elf elementalists (Elf:3)
  3 ironheart preservers
  3 entropy weavers
  A stone giant (Vaults:1)
  5 deep elf demonologists
  A red draconian (WizLab)
  5 deep elf annihilators
  2 spark wasps (Spider:4)
  Azrael (Elf:2)
  4 deep elf death magi
  An ettin (Vaults:1)
  3 merfolk javelineers
  4 merfolk impalers
  Josephine (Lair:5)
  A fire dragon (Vaults:1)
  2 deep elf high priests (Elf:3)
  The ghost of doMalho the Markscentaur, a journeyman CeHu of Okawaru (Orc:1)
  3 yaktaur captains (Vaults:1)
  An ice dragon (Vaults:2)
  A vault guard (D:13)
  4 hydras
  Erolcha (D:10)
  A rakshasa (Vaults:1)
  A death knight (D:13)
  17 two-headed ogres
  A merfolk aquamancer (Shoals:1)
  Erica (D:11)
  8 centaur warriors
  3 catoblepae (Lair:6)
  19 dancing weapons
  2 merfolk avatars
  9 death yaks
  3 ogre magi
  A satyr (Shoals:3)
  An alligator snapping turtle (Shoals:3)
  A tengu warrior (D:15)
  A queen ant (Spider:3)
  A thrashing horror (WizLab)
  Nergalle (Orc:2)
  An orc high priest (Orc:2)
  10 deep elf knights
  Sonja (Lair:3)
  A hell knight (Vaults:2)
  A shadow wraith (Vaults:2)
  11 skeletal warriors
  10 deep elf archers
  A wizard (WizLab)
  3 unseen horrors
  6 sea snakes
  A flayed ghost (Vaults:1)
  6 harpies
  The ghost of tof the Carver, a novice MiBe of Trog (D:6)
  4 lindwurms (D:14)
  12 orc knights
  3 ironbrand convokers (Vaults:1)
  A necromancer (Vaults:1)
  45 deep elf magi
  4 orc sorcerers
  9 cyclopes
  4 ugly things
  3 oklob plants
  16 orb spiders
  35 wolf spiders
  2 black mambas (shapeshifter)
  9 manticores
  7 elephants
  5 fauns
  6 merfolk sirens
  2 worldbinders (WizLab)
  Joseph (D:7)
  2 moths of wrath (Spider:4)
  A centaur zombie (D:11)
  4 black mambas
  A vault sentinel (Vaults:1)
  An ice statue (IceCv)
  A fire giant skeleton (Vaults:1)
  3 water nymphs
  A human skeleton (Vaults:1)
  2 torpor snails
  3 gargoyles
  11 spiny frogs
  A kobold demonologist (D:12)
  An efreet (D:15)
  2 freezing wraiths (D:14)
  7 komodo dragons
  2 rime drakes
  11 yaktaurs
  22 demonic crawlers
  2 komodo dragons (shapeshifter)
  A tengu conjurer (D:15)
  A red devil (WizLab)
  5 trolls
  A wind drake (Shoals:2)
  20 merfolk
  10 hornets
  31 jumping spiders
  3 meliai (D:14)
  14 polar bears (IceCv)
  14 blink frogs
  A hippogriff (shapeshifter) (Elf:3)
  An iron dragon simulacrum (Abyss:2)
  Prince Ribbit (Lair:3)
  4 dream sheep (Shoals:1)
  6 hippogriffs
  6 snapping turtles
  2 human simulacra
  A snapping turtle (shapeshifter) (D:15)
  Sigmund (D:2)
  71 redbacks
  A spriggan (shapeshifter) (Elf:1)
  2 wyverns
  2 water elementals
  28 tarantellas
  4 wraiths
  4 shadows
  37 yaks
  A ynoxinul (WizLab)
  6 basilisks
  6 fire elementals
  2 vampire mosquitoes (D:15)
  9 swamp worms
  A spatial vortex (WizLab)
  A steam dragon (D:13)
  5 wargs
  22 soldier ants
  3 acid dragons
  A hell hound (Elf:2)
  9 water moccasins
  7 porcupines
  3 sky beasts
  12 ice beasts
  2 necrophages
  6 phantoms
  2 human zombies (Vaults:1)
  41 orc warriors
  3 eyes of draining
  4 black bears
  11 centaurs
  19 ogres
  16 wolves
  11 crocodiles
  3 big kobolds
  Blork the orc (Orc:2)
  23 bullfrogs
  A wyvern zombie (D:11)
  3 earth elementals (Elf:1)
  2 water moccasin zombies
  A wyvern skeleton (D:10)
  9 scorpions
  A water moccasin skeleton (D:9)
  4 killer bees (D:8)
  15 wights
  2 howler monkeys
  2 electric eels
  10 crimson imps
  2 lava snakes (D:10)
  A bullfrog zombie (D:4)
  2 quasits
  9 hounds
  26 orc wizards
  9 jellies
  22 orc priests
  5 bullfrog skeletons
  7 centaur skeletons
  Ijyb (D:5)
  Terence (D:2)
  Natasha (D:3)
  4 iguanas
  32 worker ants
  2 hound zombies
  2 worker ant zombies (D:9)
  18 gnolls
  12 adders
  2 shadow imps (D:6)
  An ooze (D:3)
  An adder zombie (D:7)
  2 adder skeletons (D:9)
  10 worms
  2 dart slugs
  5 leopard geckos
  79 orcs
  2 ball pythons
  2 bats
  10 giant cockroaches
  8 goblins
  5 hobgoblins (D:1)
  9 jackals
  2 quokkas
  7 frilled lizards
  21 kobolds
  9 rats
  A bush (D:5)
  39 plants
1377 creatures vanquished.

Vanquished Creatures (collateral kills)
  An ironbrand convoker (Vaults:1)
  A deep elf mage (Elf:2)
  An orc (Vaults:1)
3 creatures vanquished.

Vanquished Creatures (others)
  10 acid blobs
  2 azure jellies
  A deep elf death mage (Elf:3)
  3 great orbs of eyes
  2 centaur warriors (Vaults:1)
  A dancing weapon (Elf:2)
  A deep elf knight (Elf:2)
  2 deep elf archers
  4 deep elf magi
  An orb spider (Spider:3)
  An ugly thing (WizLab)
  3 cyclopes
  4 shining eyes
  A black mamba (Lair:6)
  An eye of devastation (Slime:5)
  A hornet (Spider:4)
  2 yaktaurs (Vaults:1)
  2 dream sheep (Shoals:1)
  43 slime creatures
  5 redbacks
  A human (Spider:3)
  A warg (Vaults:1)
  A soldier ant (Spider:3)
  3 eyes of draining
  A boggart (WizLab)
  A bullfrog (Lair:5)
  297 jellies
  A crimson imp (D:15)
  An orc priest (Vaults:1)
  An orc wizard (D:9)
  A worm (Spider:1)
  2 orcs
  6 fungi (Lair:6)
  37 plants
  2 starspawn tentacles (WizLab)
446 creatures vanquished.

Grand Total: 1826 creatures vanquished

Notes
Turn   | Place    | Note
-------+----------+-------------------------------------------
     0 | D:1      | sagitran the Demonspawn Gladiator began the quest for the Orb.
     0 | D:1      | Reached XP level 1. HP: 16/16 MP: 1/1
   397 | D:1      | Gained mutation: You have sharp toenails. [demonic ancestry]
   397 | D:1      | Reached XP level 2. HP: 17/22 MP: 2/2
  1124 | D:2      | Noticed Sigmund
  1314 | D:2      | Gained mutation: You are slightly more attuned to the shadows. [demonic ancestry]
  1314 | D:2      | Reached XP level 3. HP: 27/27 MP: 3/3
  1408 | D:2      | Noticed Terence
  1422 | D:2      | Killed Terence
  1748 | D:2      | Reached skill level 1 in Armour
  1842 | D:2      | Killed Sigmund
  1842 | D:2      | Reached skill level 1 in Stealth
  1842 | D:2      | Gained mutation: You are partially covered in yellow scales. (AC +2) [demonic ancestry]
  1842 | D:2      | Reached XP level 4. HP: 27/34 MP: 0/4
  1842 | D:2      | Gained mutation: You are mostly covered in yellow scales. (AC +3) [demonic ancestry]
  1842 | D:2      | Reached XP level 5. HP: 31/39 MP: 0/5
  2164 | D:2      | Found a basalt altar of Yredelemnul.
  2527 | D:2      | Reached XP level 6. HP: 35/46 MP: 6/6
  3139 | D:3      | Noticed Natasha
  3148 | D:3      | Killed Natasha
  3398 | D:3      | Found a bloodstained altar of Trog.
  4116 | D:4      | Reached skill level 5 in Long Blades
  4253 | D:4      | Gained mutation: You are completely covered in yellow scales. (AC +4, rCorr) [demonic ancestry]
  4253 | D:4      | Reached XP level 7. HP: 41/52 MP: 7/7
  4489 | D:4      | Found an ornate altar of the Wu Jian Council.
  5529 | D:4      | Found a snail-covered altar of Cheibriados.
  5869 | D:5      | Entered Level 5 of the Dungeon
  6068 | D:5      | Gained mutation: You are significantly more attuned to the shadows. [demonic ancestry]
  6068 | D:5      | Reached XP level 8. HP: 32/60 MP: 8/8
  6350 | D:5      | Found a glowing silver altar of Zin.
  6352 | D:5      | Found a hazy altar of Hepliaklqana.
  6416 | D:5      | Found a radiant altar of Vehumet.
  6456 | D:5      | Found a staircase to the Ecumenical Temple.
  6516 | D:5      | Noticed Ijyb
  6532 | D:5      | Killed Ijyb
  6834 | D:5      | Found a sacrificial altar of Ru.
  7587 | D:6      | Found a stormy altar of Qazlal.
  7587 | D:6      | Found a sacrificial altar of Ru.
  7798 | D:6      | Noticed tof's ghost (novice MiBe)
  7848 | D:6      | Killed tof's ghost
  7936 | D:6      | Gained mutation: You are partially covered in sharp spines. [demonic ancestry]
  7936 | D:6      | Reached XP level 9. HP: 43/66 MP: 9/9
  7984 | D:6      | Reached skill level 5 in Fighting
  7987 | D:6      | Gained mutation: You are resistant to hostile enchantments. (MR+) [potion of mutation]
  7987 | D:6      | Gained mutation: Your mind is acute. (Int +2) [potion of mutation]
  7987 | D:6      | Gained mutation: Your flesh is cold resistant. (rC+) [potion of mutation]
  8992 | D:7      | Noticed Joseph
  9015 | D:7      | Killed Joseph
  9077 | D:7      | Found Leskaunn's Antique Weapon Emporium.
  9277 | D:7      | Reached skill level 5 in Armour
  9283 | D:7      | Gained mutation: You are highly resistant to hostile enchantments. (MR++) [mutagenic meat]
  9284 | D:7      | Gained mutation: Your muscles are strong. (Str +2) [mutagenic meat]
  9285 | D:7      | Gained mutation: You have a pair of small horns on your head. [mutagenic meat]
  9749 | D:7      | Found Gozag's Platinum Reserve.
  9803 | D:7      | Found an opulent altar of Gozag.
  9985 | D:8      | Gained mutation: You have razor-sharp toenails. [demonic ancestry]
  9985 | D:8      | Reached XP level 10. HP: 67/76 MP: 10/10
 10357 | D:8      | Lost mutation: Your mind is acute. (Int +2) [potion of mutation]
 10357 | D:8      | Lost mutation: Your flesh is cold resistant. (rC+) [potion of mutation]
 10357 | D:8      | Gained mutation: Armour fits poorly on your strangely shaped body. [potion of mutation]
 10357 | D:8      | Gained mutation: Scrolls take you a little longer to read. [potion of mutation]
 10357 | D:8      | Gained mutation: You are robust. (+10% HP) [potion of mutation]
 10447 | D:8      | Noticed a two-headed ogre
 10462 | D:8      | Killed a two-headed ogre
 10462 | D:8      | Reached skill level 10 in Long Blades
 10462 | D:8      | Reached skill level 5 in Dodging
 10956 | D:9      | Got a transparent helmet
 11012 | D:9      | Reached skill level 5 in Stealth
 11465 | D:9      | Found a staircase to the Orcish Mines.
 11773 | D:10     | Entered Level 10 of the Dungeon
 11933 | D:10     | Noticed a two-headed ogre
 11945 | D:10     | Killed a two-headed ogre
 12139 | D:10     | Reached XP level 11. HP: 90/91 MP: 11/11
 12272 | D:10     | Noticed a two-headed ogre
 12283 | D:10     | Killed a two-headed ogre
 12298 | D:10     | Noticed Erolcha
 12958 | D:10     | Reached skill level 1 in Staves
 13161 | D:10     | Killed Erolcha
 13161 | D:10     | Reached skill level 2 in Staves
 13408 | D:11     | Found a blossoming altar of Fedhas.
 13629 | D:11     | Reached skill level 3 in Staves
 13764 | D:11     | Noticed Erica
 13775 | D:11     | Killed Erica
 13775 | D:11     | Reached skill level 4 in Staves
 13775 | D:11     | Reached skill level 1 in Evocations
 13996 | D:11     | Reached skill level 5 in Staves
 14376 | D:12     | Gained mutation: Your body sometimes deteriorates upon taking damage. [a neqoxec]
 14377 | D:12     | Noticed a six-headed hydra
 14387 | D:12     | Killed a three-headed hydra
 14387 | D:12     | Reached skill level 6 in Staves
 14668 | D:12     | Noticed a purple ugly thing
 14824 | D:12     | Found Qekozec's Distillery.
 14860 | D:12     | Noticed an eight-headed hydra
 14874 | D:12     | Killed a two-headed hydra
 14874 | D:12     | Gained mutation: You are mostly covered in sharp spines. [demonic ancestry]
 14874 | D:12     | Reached XP level 12. HP: 56/100 MP: 13/13
 15188 | D:12     | Reached skill level 7 in Staves
 15304 | D:12     | Noticed a two-headed ogre
 15316 | D:12     | Killed a two-headed ogre
 15447 | D:12     | Found Orchusmuta's Weapon Shoppe.
 15585 | D:12     | Noticed a four-headed hydra
 15597 | D:12     | Killed a one-headed hydra
 16269 | D:13     | Reached skill level 8 in Staves
 17036 | D:13     | Reached skill level 9 in Staves
 17165 | D:13     | Found a gate to the Vaults.
 17165 | D:13     | Noticed a vault guard
 17194 | D:13     | Killed a vault guard
 17373 | D:14     | Noticed a two-headed ogre
 17378 | D:14     | Killed a two-headed ogre
 17468 | D:14     | Identified the +0 helmet "Sifroila" {rC++ Int+2} (You found it on level 9 of the Dungeon)
 17644 | D:14     | Gained mutation: You have claws for feet. [demonic ancestry]
 17644 | D:14     | Reached XP level 13. HP: 66/107 MP: 14/14
 17996 | D:14     | Reached skill level 10 in Staves
 18002 | D:14     | Got a thick robe
 18013 | D:14     | Identified the +1 robe "Hyegar" {rElec Str+3} (You found it on level 14 of the Dungeon)
 18704 | Orc:1    | Entered Level 1 of the Orcish Mines
 18727 | Orc:1    | Found a frozen archway.
 18748 | IceCv    | Entered an ice cave
 19026 | IceCv    | Lost mutation: You have a pair of small horns on your head. [potion of mutation]
 19026 | IceCv    | Lost mutation: Your body sometimes deteriorates upon taking damage. [potion of mutation]
 19026 | IceCv    | Lost mutation: Your muscles are strong. (Str +2) [potion of mutation]
 19026 | IceCv    | Gained mutation: Your spells are a little harder to cast, but a little more powerful. [potion of mutation]
 19026 | IceCv    | Gained mutation: You are extremely resistant to the effects of hostile enchantments. (MR+++) [potion of mutation]
 19027 | IceCv    | Lost mutation: You are extremely resistant to the effects of hostile enchantments. (MR+++) [potion of mutation]
 19027 | IceCv    | Lost mutation: Armour fits poorly on your strangely shaped body. [potion of mutation]
 19027 | IceCv    | Lost mutation: Scrolls take you a little longer to read. [potion of mutation]
 19027 | IceCv    | Gained mutation: Your flesh is heat resistant. (rF+) [potion of mutation]
 19027 | IceCv    | Gained mutation: You have supernaturally acute eyesight. (SInv) [potion of mutation]
 19027 | IceCv    | Lost mutation: Your spells are a little harder to cast, but a little more powerful. [potion of mutation]
 19027 | IceCv    | Gained mutation: Your flesh is cold resistant. (rC+) [potion of mutation]
 19331 | IceCv    | Reached skill level 11 in Staves
 19369 | IceCv    | Noticed a frost giant
 19575 | IceCv    | Killed a frost giant
 19914 | Orc:1    | Noticed doMalho's ghost (journeyman CeHu)
 19940 | Orc:1    | Killed doMalho's ghost
 20685 | Orc:2    | Entered Level 2 of the Orcish Mines
 20722 | Orc:2    | Found a roughly hewn altar of Beogh.
 20762 | Orc:2    | Found a roughly hewn altar of Beogh.
 20884 | Orc:2    | Found a roughly hewn altar of Beogh.
 21019 | Orc:1    | Noticed an orc warlord
 21033 | Orc:2    | Found Jemeegiq's Weapon Shoppe.
 21187 | Orc:2    | Found a staircase to the Elven Halls.
 21414 | Orc:2    | Noticed an orc warlord
 21715 | Orc:2    | Noticed Blork the orc
 21726 | Orc:2    | Killed Blork the orc
 21936 | Orc:2    | Noticed Nergalle
 21958 | Orc:2    | Reached skill level 12 in Staves
 21974 | Orc:2    | Killed Nergalle
 22462 | Orc:2    | Found a roughly hewn altar of Beogh.
 22504 | Orc:2    | Killed an orc warlord
 22504 | Orc:2    | Mutation became permanent: Your flesh is cold resistant. (rC+) [demonic ancestry]
 22504 | Orc:2    | Gained mutation: Your flesh is cold resistant. (rC+) [demonic ancestry]
 22504 | Orc:2    | Reached XP level 14. HP: 60/118 MP: 15/15
 23078 | Orc:2    | Found Hegill's General Store.
 23096 | Orc:2    | Found Sucleclu's Antique Weapon Emporium.
 23112 | Orc:2    | Found Arho's Antique Armour Emporium.
 23129 | Orc:2    | Found Iluggawk's Jewellery Emporium.
 23871 | Orc:2    | Killed an orc warlord
 24289 | D:8      | Found a staircase to the Lair.
 24296 | Lair:1   | Entered Level 1 of the Lair of Beasts
 26412 | Lair:2   | Reached skill level 13 in Staves
 26606 | Lair:3   | Learned a level 1 spell: Shock
 27159 | Lair:3   | Got a crude war axe
 27174 | Lair:3   | Identified the +6 war axe of Conscience {chop, +Fly Str+4 Dex+4} (You found it on level 3 of the Lair of Beasts)
 27423 | Lair:3   | Noticed Prince Ribbit
 27425 | Lair:3   | Noticed Sonja
 27432 | Lair:3   | Killed Prince Ribbit
 27448 | Lair:3   | Killed Sonja
 27631 | Lair:4   | Learned a level 2 spell: Ensorcelled Hibernation
 28105 | Lair:4   | Found a hole to the Spider Nest.
 28245 | Lair:4   | Found a staircase to the Shoals.
 28609 | Lair:5   | Found a viscous altar of Jiyva.
 28610 | Lair:5   | Found a staircase to the Slime Pits.
 28615 | Lair:5   | Became a worshipper of Jiyva Jomut the Shapeless
 29009 | Lair:5   | Reached * piety under Jiyva
 29042 | Lair:5   | Reached skill level 10 in Fighting
 29148 | Lair:5   | Noticed Josephine
 29157 | Lair:5   | Killed Josephine
 29186 | Slime:1  | Entered Level 1 of the Pits of Slime
 29186 | Slime:1  | Noticed an azure jelly
 29261 | Slime:1  | Noticed an acid blob
 29265 | Slime:1  | Killed an acid blob
 29281 | Slime:1  | Killed an azure jelly
 29569 | Slime:2  | Noticed an acid blob
 29627 | Slime:2  | Noticed an azure jelly
 29628 | Slime:2  | Noticed an acid blob
 29669 | Slime:2  | Noticed an azure jelly
 29811 | Slime:3  | Noticed an azure jelly
 29830 | Slime:2  | Noticed an acid blob
 29838 | Slime:2  | Noticed an azure jelly
 29973 | Slime:3  | Noticed an acid blob
 30080 | Slime:3  | Noticed an acid blob
 30086 | Slime:3  | Noticed an acid blob
 30097 | Slime:3  | Noticed an azure jelly
 30218 | Slime:3  | Killed an acid blob
 30243 | Slime:3  | Noticed an azure jelly
 30535 | Slime:5  | Entered Level 5 of the Pits of Slime
 30561 | Slime:5  | Noticed an azure jelly
 30567 | Slime:5  | Noticed an acid blob
 30576 | Slime:5  | Killed an acid blob
 30580 | Slime:5  | Killed an azure jelly
 30695 | Slime:5  | Noticed an acid blob
 30714 | Slime:5  | Noticed an acid blob
 30746 | Slime:5  | Noticed an acid blob
 30755 | Slime:5  | Killed an acid blob
 30757 | Slime:5  | Noticed an acid blob
 30757 | Slime:5  | Killed an acid blob
 30760 | Slime:5  | Killed an acid blob
 30763 | Slime:5  | Killed an acid blob
 30784 | Slime:5  | Noticed an acid blob
 30801 | Slime:5  | Noticed an acid blob
 30811 | Slime:5  | Found a viscous altar of Jiyva.
 30845 | Slime:5  | Killed an acid blob
 30853 | Slime:5  | Killed an acid blob
 30886 | Slime:5  | Noticed the Royal Jelly
 30919 | Slime:5  | Killed an acid blob
 30960 | Slime:5  | Noticed an azure jelly
 32033 | D:15     | Entered Level 15 of the Dungeon
 32048 | D:15     | Gained mutation: You occasionally shout uncontrollably at your foes. [mutagenic meat]
 32049 | D:15     | Gained mutation: You tend to lose your temper in combat. [mutagenic meat]
 32050 | D:15     | Lost mutation: Your flesh is heat resistant. (rF+) [mutagenic meat]
 32051 | D:15     | Gained mutation: Your body sometimes deteriorates upon taking damage. [mutagenic meat]
 32068 | D:15     | Reached skill level 14 in Staves
 32255 | D:15     | Found Plog's Gadget Shop.
 32261 | D:15     | Reached ** piety under Jiyva
 32269 | D:15     | Reached XP level 15. HP: 124/126 MP: 17/17
 32293 | D:15     | Noticed a frost giant
 32336 | D:15     | Killed a frost giant
 32350 | D:15     | Found a staircase to the Depths.
 32787 | D:14     | Reached *** piety under Jiyva
 32803 | D:14     | Lost mutation: You are robust. (+10% HP) [Jiyva's grace]
 33347 | D:15     | Reached **** piety under Jiyva
 33562 | D:15     | Gained mutation: You are agile. (Dex +2) [Jiyva's grace]
 33652 | D:14     | Lost mutation: Your body sometimes deteriorates upon taking damage. [potion of mutation]
 33652 | D:14     | Lost mutation: You occasionally shout uncontrollably at your foes. [potion of mutation]
 33652 | D:14     | Lost mutation: You are highly resistant to hostile enchantments. (MR++) [potion of mutation]
 33652 | D:14     | Lost mutation: You are agile. (Dex +2) [potion of mutation]
 33652 | D:14     | Gained mutation: Your spells are a little easier to cast, but a little less powerful. [potion of mutation]
 33652 | D:14     | Gained mutation: Your flesh is heat resistant. (rF+) [potion of mutation]
 33652 | D:14     | Gained mutation: Your natural rate of healing is unusually fast. [potion of mutation]
 33911 | D:12     | Learned a level 2 spell: Sublimation of Blood
 34136 | Spider:1 | Entered Level 1 of the Spider Nest
 34480 | Spider:1 | Reached ***** piety under Jiyva
 34480 | Spider:1 | Lost mutation: You are resistant to hostile enchantments. (MR+) [Jiyva's grace]
 35051 | Spider:1 | Reached skill level 15 in Staves
 35066 | Spider:1 | Gained mutation: You evolve. [Jiyva's grace]
 35907 | Spider:2 | Gained mutation: You are completely covered in sharp spines. [demonic ancestry]
 35907 | Spider:2 | Reached XP level 16. HP: 126/126 MP: 18/18
 36341 | Spider:3 | Noticed Jorgrun
 36354 | Spider:3 | Killed Jorgrun
 36389 | Spider:3 | Reached skill level 10 in Armour
 36553 | Spider:3 | Noticed Asterion
 36570 | Spider:3 | Killed Asterion
 36570 | Spider:3 | Reached skill level 10 in Stealth
 36644 | Spider:3 | Lost mutation: Your flesh is heat resistant. (rF+) [Jiyva's grace]
 36824 | Spider:3 | Noticed Kirke
 36835 | Spider:3 | Killed Kirke
 36863 | Spider:3 | Reached skill level 1 in Maces & Flails
 36907 | Spider:3 | Gained mutation: Your muscles are strong. (Str +2) [evolution]
 37124 | Spider:4 | Entered Level 4 of the Spider Nest
 37251 | Spider:4 | Gained mutation: You have a small jelly attached to you that senses nearby items. [Jiyva's grace]
 37258 | Spider:4 | Noticed Louise
 37270 | Spider:4 | Cast into level 2 of the Abyss (Louise)
 37568 | Spider:4 | Escaped the Abyss
 37603 | Spider:4 | Killed Louise
 37791 | Spider:4 | Lost mutation: You tend to lose your temper in combat. [potion of mutation]
 37791 | Spider:4 | Lost mutation: Your muscles are strong. (Str +2) [potion of mutation]
 37791 | Spider:4 | Gained mutation: Your mind is acute. (Int +2) [potion of mutation]
 37791 | Spider:4 | Gained mutation: You have a pair of small horns on your head. [potion of mutation]
 38027 | Spider:4 | Got a pair of ichor-stained gloves
 38042 | Spider:4 | Identified the +2 pair of gloves of Leapfrog {*Slow rN+ Str+9 Dex+3} (You found it on level 4 of the Spider Nest)
 38341 | Spider:4 | Paralysed by a hornet for 3 turns
 38750 | Spider:4 | Reached XP level 17. HP: 55/135 MP: 19/19
 39035 | Spider:4 | Got a gossamer rune of Zot
 39159 | Spider:4 | Lost mutation: You have supernaturally acute eyesight. (SInv) [mutagenic meat]
 39161 | Spider:4 | Gained mutation: You possess an exceptional clarity of mind. [mutagenic meat]
 39162 | Spider:4 | Gained mutation: You passively map a small area around you. [mutagenic meat]
 39524 | Lair:4   | Lost mutation: You evolve. [Jiyva's grace]
 39551 | Shoals:1 | Entered Level 1 of the Shoals
 39688 | Shoals:1 | Reached skill level 5 in Maces & Flails
 40292 | Shoals:1 | Lost mutation: You possess an exceptional clarity of mind. [Jiyva's grace]
 40353 | Shoals:1 | Noticed Donald
 40369 | Shoals:1 | Killed Donald
 40725 | Shoals:1 | Reached skill level 16 in Staves
 40728 | Shoals:1 | Reached ****** piety under Jiyva
 40728 | Shoals:1 | Gained mutation: Your rubbery body absorbs attacks. (AC +1, EV +1) [Jiyva's grace]
 41094 | Shoals:2 | Learned a level 2 spell: Corpse Rot
 41512 | Shoals:2 | Lost mutation: You have a pair of small horns on your head. [Jiyva's grace]
 41688 | Shoals:2 | Gained mutation: You have an increased reservoir of magic. (+10% MP) [Jiyva's grace]
 42346 | Shoals:1 | Reached skill level 5 in Throwing
 42412 | Shoals:2 | Gained mutation: You have acidic saliva. [Jiyva's grace]
 42586 | Shoals:3 | Noticed Bai Suzhen
 42978 | Lair:6   | Entered Level 6 of the Lair of Beasts
 43058 | Lair:6   | Found the +8 trident of the Octopus King {venom, rElec rPois MR+}
 43279 | Lair:6   | Reached skill level 1 in Polearms
 43320 | Lair:6   | Lost mutation: You have a small jelly attached to you that senses nearby items. [Jiyva's grace]
 44025 | Lair:6   | Lost mutation: You passively map a small area around you. [Jiyva's grace]
 44099 | Slime:2  | You fall through a shaft!
 44151 | Slime:5  | Lost mutation: Your mind is acute. (Int +2) [Jiyva's grace]
 44159 | Slime:5  | Got a slimy rune of Zot
 44162 | Slime:5  | Got a smoking scimitar
 44163 | Slime:5  | Identified the +3 scimitar of True Grit {slice, Stlth+} (You found it on level 5 of the Pits of Slime)
 44192 | Slime:5  | Identified the Compendium of Conjuration
 44200 | Slime:5  | Lost mutation: Your spells are a little easier to cast, but a little less powerful. [Jiyva's grace]
 44233 | Slime:5  | Got a bronze leather armour
 44244 | Slime:5  | Identified the +2 leather armour of Sozxeck {rC+ rN+} (You found it on level 5 of the Pits of Slime)
 44256 | Slime:5  | Got a coiled pewter ring
 44257 | Slime:5  | Identified the ring of Ucurenop {rCorr rN+ Int+2 Dex-3} (You found it on level 5 of the Pits of Slime)
 44270 | Slime:5  | Got a smoking spear
 44272 | Slime:5  | Got a dazzling battleaxe
 44275 | Slime:5  | Gained mutation: Your muscles are strong. (Str +2) [Jiyva's grace]
 44279 | Slime:5  | Gained mutation: Your muscles are very strong. (Str +4) [Jiyva's grace]
 44282 | Slime:5  | Identified the +6 battleaxe of the Peculiar People {vamp, MR+ Dex+3} (You found it on level 5 of the Pits of Slime)
 44284 | Slime:5  | Identified the +8 spear of the Rattle-Snake {holy, +Blink SInv} (You found it on level 5 of the Pits of Slime)
 44719 | Elf:1    | Entered Level 1 of the Elven Halls
 44730 | Elf:1    | Gained mutation: You are immune to freezing clouds. [demonic ancestry]
 44730 | Elf:1    | Reached XP level 18. HP: 143/146 MP: 22/22
 44796 | Elf:1    | Noticed Aizul
 44807 | Elf:1    | Killed Aizul
 44814 | Elf:1    | Gained mutation: Your system is resistant to poisons. (rPois) [mutagenic meat]
 44815 | Elf:1    | Gained mutation: Your spells are a little easier to cast, but a little less powerful. [mutagenic meat]
 44817 | Elf:1    | Gained mutation: You are clumsy. (Dex -2) [mutagenic meat]
 44895 | Elf:1    | Lost mutation: You are clumsy. (Dex -2) [Jiyva's grace]
 44942 | Elf:1    | Gained mutation: You passively map a small area around you. [Jiyva's grace]
 45243 | Elf:1    | Noticed Agnes
 45247 | Elf:1    | Lost mutation: Your rubbery body absorbs attacks. (AC +1, EV +1) [Jiyva's grace]
 45264 | Elf:1    | Killed Agnes
 45361 | Elf:1    | Lost mutation: Your spells are a little easier to cast, but a little less powerful. [Jiyva's grace]
 45677 | Elf:2    | Found Juseb's General Store.
 45695 | Elf:2    | Reached skill level 5 in Polearms
 45817 | Elf:2    | Reached skill level 10 in Dodging
 45835 | Elf:2    | Lost mutation: You have acidic saliva. [Jiyva's grace]
 45867 | Elf:2    | Got a distressingly furry robe
 45878 | Elf:2    | Identified the +2 robe of Ythroj {Str+5} (You found it on level 2 of the Elven Halls)
 45931 | Elf:2    | Gained mutation: Your skin changes colour to match your surroundings (Stealth+). [Jiyva's grace]
 45969 | Elf:2    | Noticed Azrael
 45981 | Elf:2    | Killed Azrael
 46067 | Elf:2    | Found a runed gate.
 46067 | Elf:2    | Found a runed gate.
 46067 | Elf:2    | Found a runed gate.
 46152 | Elf:2    | Found a radiant altar of Vehumet.
 46224 | Elf:2    | Lost mutation: Your muscles are very strong. (Str +4) [Jiyva's grace]
 46382 | Elf:2    | Lost mutation: Your muscles are strong. (Str +2) [Jiyva's grace]
 46904 | Elf:2    | Lost mutation: Your skin changes colour to match your surroundings (Stealth+). [Jiyva's grace]
 46983 | Elf:2    | Lost mutation: Your natural rate of healing is unusually fast. [Jiyva's grace]
 46983 | Elf:2    | Gained mutation: You do not regenerate when monsters are visible. [Jiyva's grace]
 47044 | Elf:3    | Entered Level 3 of the Elven Halls
 47096 | Elf:3    | Reached skill level 1 in Conjurations
 47508 | Elf:3    | Reached skill level 1 in Spellcasting
 48573 | Elf:3    | Found a portal to a secret trove of treasure.
 48596 | Elf:3    | Gained mutation: Your mind is acute. (Int +2) [Jiyva's grace]
 48710 | Elf:3    | Gained mutation: You have a beak for a mouth. [Jiyva's grace]
 48867 | Elf:3    | Reached XP level 19. HP: 71/154 MP: 23/23
 49062 | Elf:3    | Gained mutation: You have acidic saliva. [Jiyva's grace]
 49498 | Elf:3    | Got an iridescent scimitar {speed}
 49499 | Elf:3    | Identified the cursed +3 scimitar of Responsibility {speed, +Blink Dex+4} (You took it off a deep elf demonologist on level 3 of the Elven Halls)
 49524 | Elf:3    | Got a bone long sword
 49525 | Elf:3    | Identified the +4 long sword of Itumekeo {freeze, rPois MP+9 Int-2 Dex+3} (You found it on level 3 of the Elven Halls)
 50263 | Elf:3    | Gained mutation: You are robust. (+10% HP) [Jiyva's grace]
 50292 | Elf:3    | Reached skill level 15 in Fighting
 50303 | Elf:3    | Got a transparent tin ring
 50336 | Elf:3    | Identified Advanced Thaumaturgy
 50387 | Elf:3    | Lost mutation: Your mind is acute. (Int +2) [Jiyva's grace]
 50485 | Elf:3    | Identified the ring "Xierivel" {*Drain rF+ MR+ Int+5 Dex+2} (You took it off a deep elf death mage on level 3 of the Elven Halls)
 50488 | Elf:3    | Got an emerald-encrusted ring mail
 50519 | Elf:3    | Identified the cursed +1 ring mail of the Trout {Str+2} (You took it off a deep elf blademaster on level 3 of the Elven Halls)
 50535 | Elf:3    | Gained mutation: You have a small jelly attached to you that may absorb incoming projectiles. [Jiyva's grace]
 50954 | Orc:2    | Gained mutation: You have a pair of small horns on your head. [Jiyva's grace]
 51135 | D:13     | Gained mutation: You have a small jelly attached to you that senses nearby items. [Jiyva's grace]
 51156 | Vaults:1 | Entered Level 1 of the Vaults
 51368 | Vaults:1 | Found a magical portal.
 51373 | WizLab   | Entered The Roulette of Golubria
 51373 | WizLab   | Found a transporter.
 51519 | WizLab   | Found a transporter.
 51552 | WizLab   | Found a transporter.
 51555 | WizLab   | Found a corrupted altar of Lugonu.
 51609 | WizLab   | Found a transporter.
 51742 | WizLab   | Found a transporter.
 51742 | WizLab   | Found a transporter.
 51812 | WizLab   | Found a transporter.
 51848 | WizLab   | Found a transporter.
 52091 | WizLab   | Found a corrupted altar of Lugonu.
 52095 | WizLab   | Found a transporter.
 52297 | WizLab   | Found a corrupted altar of Lugonu.
 52298 | WizLab   | Found a transporter.
 52304 | WizLab   | Got a faintly humming cloak
 52488 | WizLab   | Identified the +1 cloak of the Blessed Realm {rN+} (You found it in a wizard's laboratory)
 52686 | Vaults:1 | Lost mutation: You have a pair of small horns on your head. [Jiyva's grace]
 52724 | Vaults:1 | Gained mutation: Your mind is acute. (Int +2) [Jiyva's grace]
 52813 | Vaults:1 | Gained mutation: Your rubbery body absorbs attacks. (AC +1, EV +1) [Jiyva's grace]
 52907 | Vaults:1 | Gained mutation: You are somewhat resistant to further mutation. [Jiyva's grace]
 53236 | Vaults:1 | Lost mutation: You have a small jelly attached to you that may absorb incoming projectiles. [Jiyva's grace]
 53246 | Vaults:1 | Gained mutation: You possess an exceptional clarity of mind. [Jiyva's grace]
 53282 | Vaults:1 | Gained mutation: Armour fits poorly on your pseudopods. [Jiyva's grace]
 53365 | Vaults:1 | Lost mutation: You have acidic saliva. [Jiyva's grace]
 54455 | Vaults:2 | Noticed Margery
 54475 | Vaults:2 | Killed from afar by Margery

Vault maps used:
D:1:      scummos_arrival_simple_fountains, minivault_27
D:2:      lemuel_round_altar, uniq_terence, uniq_sigmund
D:3:      lemuel_coloured_pillars_altar, kennysheep_generic_room_12,
          uniq_natasha
D:4:      kennysheep_slug_shrine, kennysheep_little_box
D:5:      gammafunk_temple_overflow_forgotten, temple_pool_b, first_bread,
          minmay_misc_feat_nine_boxes, nicolae_ru_awakened_eye, uniq_ijyb
D:6:      gammafunk_temple_overflow_wave, st_stairs_9
D:7:      nicolae_gozag_zags_fifth_avenue, serial_shops, shop, uniq_joseph
D:8:      lair_entry_dummy
D:9:      orc_0_dummy, minmay_checkerbox
D:10:     grunt_ogre_cave, eino_tiny_chamber, grunt_ministairs_6,
          hangedman_glass_teeth, roderic_lattice_a, disabler_island,
          uniq_erolcha
D:11:     fedhas_altar_1, uniq_erica
D:12:     serial_shops, shop, kennysheep_mini
D:13:     david_vaults_5
D:14:     hex_tiny, minmay_lindwurm_lava
D:15:     grunt_enter_depths_snipers, serial_shops, shop
Lair:1:   serial_bayou_lagoon_a, serial_bayou_lake_a, minmay_lair_oklob_chamber,
          grunt_megastairs_2
Lair:2:   serial_bayou_shore_b
Lair:3:   uniq_prince_ribbit2, uniq_sonja
Lair:4:   minmay_shoals_entry_centaurs, nicolae_spider_entry_non_spiders,
          lemuel_fruit_tree
Lair:5:   slime_altar_1, st_stairs_10, dpeg_oklob_1, uniq_josephine
Lair:6:   evilmike_catoblepas_cave
Shoals:1: st_sunken_huts, uniq_donald
Shoals:2: st_shoals_ruin
Shoals:3: serial_shops, shop_fountains, nicolae_shoals_stone_sculpture_thing,
          uniq_polyphemus, uniq_bai_suzhen
Spider:1: spider_trap, worms_lemuel
Spider:2: nicolae_spider_shape
Spider:3: zaba_anthell, uniq_asterion, uniq_kirke, uniq_jorgrun
Spider:4: guppyfry_spider_rune, uniq_louise
Slime:3:  nicolae_slime_welcoming_committee
Orc:1:    portal_ice_cave_entry_ice_beasts, nicolae_orc_sculptors_studio
Orc:2:    grunt_orc_cross, basic_altar, serial_shops, nicolae_shop_waterfront,
          hangedman_feature_mirror
Elf:1:    eino_elf_arrival_sip, minmay_elf_annihilation,
          minmay_the_grid_square_5x5_3x3_mashed, uniq_aizul, uniq_agnes
Elf:2:    serial_shops, shop, basic_altar, statue_in_the_mist_lemuel,
          uniq_azrael
Elf:3:    grunt_elf_hall_diamonds, enter_trove_3
Vaults:1: nicolae_vaults_big_angled_halls, v_misc_12, hangedman_vaults_pinch,
          vaults_room_hangedman_quadrants, vaults_dpeg_diagonal, v_rooms_5,
          vaults_room_grid, ontoclasm_vaults_loading_screen, mu_enter_wizlab_6
Vaults:2: v_alt_pattern_6, vaults_room_stairs_pillars,
          nicolae_vaults_lopsided_apartments, v_misc_15, vaults_mumra_hexcomb,
          v_pattern_1, v_misc_10, v_rooms_5, hangedman_vaults_impose,
          nicolae_vaults_back_hallway, v_misc_19,
          nicolae_vaults_mini_display_case, vaults_room_door_ring,
          vaults_room_stairs_pillars, uniq_margery
IceCv:    ice_cave_small_giant
WizLab:   wizlab_golubria

Skill      XL: |  1  2  3  4  5  6  7  8  9 10 11 12 13 14 15 16 17 18 19 |
---------------+----------------------------------------------------------+-----
Dodging        | 3 4 5 6 7 8 9 10 | 10.8
Throwing       | 2 3 5 |  5.7
Long Blades    | 3 4 5 6 7 9 11 13 | 13.1
Armour         | 2 3 4 5 6 7 8 9 10 11 | 11.3
Stealth        | 1 2 3 5 6 7 8 9 10 11 | 11.8
Fighting       | 3 4 6 7 8 9 10 11 12 14 15 | 15.5
Staves         | 6 9 12 14 15 16 | 16.3
Evocations     | 1 2 3 |  3.7
Maces & Flails | 4 5 |  5.1
Polearms       | 3 9 |  9.5
Conjurations   | 1 |  1.2
Spellcasting   | 1 |  1.0
Air Magic      | |  0.5

Action                   |  1- 3 |  4- 6 |  7- 9 | 10-12 | 13-15 | 16-18 | 19-21 || total
-------------------------+-------+-------+-------+-------+-------+-------+-------++-------
Melee: Long sword        |   102 |   115 |   405 |   225 |       |       |     5 ||   852
       Kick              |    21 |    53 |   179 |   276 |   552 |   744 |   293 ||  2118
       Falchion          |       |    22 |    13 |       |       |       |       ||    35
       Headbutt          |       |       |    11 |   184 |    37 |   181 |    52 ||   465
       Lajatang          |       |       |       |   338 |  1349 |   832 |       ||  2519
       Scimitar          |       |       |       |    30 |    43 |     6 |       ||    79
       Unarmed           |       |       |       |       |     6 |       |       ||     6
       Demon whip        |       |       |       |       |       |   176 |       ||   176
       Trident           |       |       |       |       |       |   568 |    37 ||   605
       Bite              |       |       |       |       |       |    56 |    83 ||   139
       Peck              |       |       |       |       |       |    10 |   177 ||   187
       Demon blade       |       |       |       |       |       |       |   353 ||   353
       Pseudopods        |       |       |       |       |       |       |    52 ||    52
Throw: Throwing net      |     6 |     1 |     2 |     2 |       |       |     2 ||    13
       Tomahawk          |       |       |       |    10 |    34 |    53 |    10 ||   107
 Cast: Shock             |       |       |       |       |       |     7 |       ||     7
Invok: Request Jelly     |       |       |       |       |       |     6 |     8 ||    14
       Slimify           |       |       |       |       |       |     1 |       ||     1
Evoke: Wand              |       |       |     1 |    19 |    32 |    11 |     7 ||    70
       Phantom mirror    |       |       |       |     1 |       |       |       ||     1
       Box of beasts     |       |       |       |       |       |       |     1 ||     1
       Phial of floods   |       |       |       |       |       |       |     1 ||     1
  Use: Scroll            |     1 |     2 |     3 |    13 |    24 |    21 |    15 ||    79
       Potion            |     4 |       |     6 |     4 |    25 |    15 |     4 ||    58
 Stab: Sleeping          |     1 |     3 |    12 |    21 |    34 |    29 |    12 ||   112
       Held in net/web   |       |       |     1 |     2 |       |       |     2 ||     5
       Distracted        |       |       |       |     5 |    12 |    12 |     2 ||    31
       Invisible         |       |       |       |       |     5 |       |       ||     5
  Eat: Chunk             |     3 |     6 |    13 |    16 |    18 |    10 |       ||    66
       Fruit             |       |     2 |     7 |     3 |     7 |       |       ||    19
       Bread ration      |       |       |     1 |     1 |     1 |       |       ||     3
       Royal jelly       |       |       |       |     1 |     5 |       |     1 ||     7
       Meat ration       |       |       |       |       |     3 |       |       ||     3
Armor: Leather armour    |    11 |       |       |       |       |    85 |     7 ||   103
       Scale mail        |    10 |    86 |   209 |   212 |   649 |   440 |       ||  1606
       Skin              |       |       |       |       |     1 |       |       ||     1
       Ring mail         |       |       |       |       |       |       |    87 ||    87
Dodge: Dodged            |    50 |   124 |   227 |   310 |   801 |   821 |   254 ||  2587
Block: Other             |       |       |       |   129 |   379 |   291 |   109 ||   908
       Reflection        |       |       |       |     5 |    10 |    19 |     7 ||    41
       Rpst.: Long sword |    18 |    26 |    60 |    33 |       |       |       ||   137
       Falchion          |       |     9 |     6 |       |       |       |       ||    15
       Scimitar          |       |       |       |     1 |     9 |     1 |       ||    11
       Demon blade       |       |       |       |       |       |       |    50 ||    50

Table legend:
 A = Spawn XP
 B = Non-spawn XP
 C = Spawn XP percentage of total XP
 D = Spawn monster count
 E = Non-spawn monster count
 F = Spawn count percentage of total count
 G = Total turns spent on level
                    A         B        C        D         E        F      G
               +---------+---------+-------+---------+---------+-------+---------
         Total |     257 |  455035 |   0.1 |       1 |    1348 |   0.1 | 54475
               +---------+---------+-------+---------+---------+-------+---------
           D:1 |       0 |      29 |   0.0 |       0 |      19 |   0.0 |  1026
           D:2 |       0 |     344 |   0.0 |       0 |      23 |   0.0 |  1579
           D:3 |       0 |     104 |   0.0 |       0 |      27 |   0.0 |   867
           D:4 |       0 |     741 |   0.0 |       0 |      33 |   0.0 |  2397
           D:5 |       0 |     632 |   0.0 |       0 |      13 |   0.0 |  1515
           D:6 |       0 |    1644 |   0.0 |       0 |      31 |   0.0 |  1529
           D:7 |       0 |    1891 |   0.0 |       0 |      33 |   0.0 |  1039
           D:8 |       0 |    2103 |   0.0 |       0 |      19 |   0.0 |   915
           D:9 |       0 |    1871 |   0.0 |       0 |      40 |   0.0 |  1111
          D:10 |       0 |    5617 |   0.0 |       0 |      39 |   0.0 |  1690
          D:11 |       0 |    4071 |   0.0 |       0 |      35 |   0.0 |  1102
          D:12 |       0 |    8418 |   0.0 |       0 |      37 |   0.0 |  1882
          D:13 |       0 |    8670 |   0.0 |       0 |      27 |   0.0 |  1691
          D:14 |       0 |   12841 |   0.0 |       0 |      41 |   0.0 |  1977
          D:15 |       0 |   18772 |   0.0 |       0 |      51 |   0.0 |  1445
        Lair:1 |       0 |    5165 |   0.0 |       0 |      25 |   0.0 |  1057
        Lair:2 |       0 |    3382 |   0.0 |       0 |      12 |   0.0 |  1167
        Lair:3 |       0 |    7479 |   0.0 |       0 |      27 |   0.0 |  1228
        Lair:4 |       0 |    5440 |   0.0 |       0 |      28 |   0.0 |  1131
        Lair:5 |       0 |    4796 |   0.0 |       0 |      15 |   0.0 |   747
        Lair:6 |       0 |   15984 |   0.0 |       0 |      31 |   0.0 |  1065
      Shoals:1 |       0 |   24190 |   0.0 |       0 |      47 |   0.0 |  1715
      Shoals:2 |       0 |   21312 |   0.0 |       0 |      38 |   0.0 |  1395
      Shoals:3 |       0 |    2539 |   0.0 |       0 |       4 |   0.0 |   292
      Spider:1 |       0 |   19054 |   0.0 |       0 |      77 |   0.0 |  1034
      Spider:2 |       0 |   22435 |   0.0 |       0 |      72 |   0.0 |  1175
      Spider:3 |       0 |   21234 |   0.0 |       0 |      59 |   0.0 |   808
      Spider:4 |       0 |   42207 |   0.0 |       0 |      83 |   0.0 |  2051
         Orc:1 |       0 |    4504 |   0.0 |       0 |      34 |   0.0 |  1697
         Orc:2 |       0 |   12376 |   0.0 |       0 |      57 |   0.0 |  2909
         Elf:1 |       0 |   21499 |   0.0 |       0 |      33 |   0.0 |   938
         Elf:2 |       0 |   44113 |   0.0 |       0 |      63 |   0.0 |  3198
         Elf:3 |       0 |   40601 |   0.0 |       0 |      33 |   0.0 |  2076
      Vaults:1 |       0 |   41196 |   0.0 |       0 |      76 |   0.0 |  1986
      Vaults:2 |       0 |   10174 |   0.0 |       0 |      18 |   0.0 |   214
       Abyss:2 |     257 |       0 | 100.0 |       1 |       0 | 100.0 |   298
         IceCv |       0 |    9517 |   0.0 |       0 |      36 |   0.0 |  1162
        WizLab |       0 |    8090 |   0.0 |       0 |      12 |   0.0 |  1119
               +---------+---------+-------+---------+---------+-------+---------
